 Dungeon Crawl Stone Soup version 0.22-a0-161-g198051cff3 (console) character file.

54 Muffindrake the Sneak (level 3, 0/27 HPs)
             Began as a Vampire Assassin on Feb 11, 2018.
             Slain by a worm (5 damage)
             ... on level 2 of the Dungeon.
             The game lasted 00:04:06 (1105 turns).

Muffindrake the Sneak (Vampire Assassin)            Turns: 1105, Time: 00:04:07

Health: 0/27       AC:  4    Str: 10    XL:     3   Next: 66%
Magic:  3/3        EV: 12    Int: 13    God:
Gold:   69         SH:  0    Dex: 16    Spells: 2/2 levels left

rFire    . . .     SeeInvis +   a - +3 dagger
rCold    . . .     Gourm    .   (no shield)
rNeg     . . .     Faith    .   c - +0 robe
rPois    .         Spirit   .   h - +0 helmet
rElec    .         Reflect  .   d - +0 cloak
rCorr    .         Harm     .   (no gloves)
MR       .....                  (no boots)
Stlth    ++++......             (no amulet)
HPRegen  0.29/turn              (no ring)
MPRegen  0.08/turn              (no ring)

@: regenerating quickly
A: fangs 3, see invisible, unbreathing
a: no special abilities


You were on level 2 of the Dungeon.
You were full.

You visited 1 branch of the dungeon, and saw 2 of its levels.

You collected 69 gold pieces.

Inventory:

Hand Weapons
 a - a +3 dagger (weapon)
 b - a +0 blowgun
Missiles
 e - 8 poisoned needles (quivered)
 f - 2 curare-tipped needles
Armour
 c - a +0 robe (worn)
 d - a +0 cloak (worn)
 h - a +0 helmet (worn)
Scrolls
 i - a scroll of teleportation
Potions
 g - 6 potions of blood


   Skills:
 + Level 2.0 Fighting
 + Level 2.8 Short Blades
 + Level 1.6 Throwing
 + Level 1.2 Dodging
 + Level 7.4 Stealth


You had 2 spell levels left.
You didn't know any spells.

Dungeon Overview and Level Annotations

Branches:
Dungeon (2/15)

Altars:


Innate Abilities, Weirdness & Mutations

Your natural rate of healing is unusually fast.
You have razor-sharp teeth.
You have supernaturally acute eyesight. (SInv)
You can survive without breathing.


Message History

The hobgoblin hits you but does no damage.
You puncture the hobgoblin!
You kill the hobgoblin!
You hit the goblin.
You kill the goblin!
You hit the worm. You bite the worm, but do no damage.
The worm is lightly wounded.
You completely miss the worm.
The worm is lightly wounded.
The worm bites you!
You hit the worm.
The worm is lightly wounded.
The worm bites you!
* * * LOW HITPOINT WARNING * * *
You hit the worm.
The worm is lightly wounded.
You hit the worm.
The worm is heavily wounded.
The worm bites you.
You die...

###### #....######
#.........#
##.########.(..#....#
...........(..#.#..[####
#.....@...#.#._.#......
#######w#.#..#.#...####
.........#........
.gg.................
.g....#.##.#####.###.
............. ...# #.
.................# #.
..###.#. .........###.
........... .#####.###.
......


You could see a worm.

Vanquished Creatures
  A gnoll (D:1)
  3 dart slugs (D:1)
  A leopard gecko (D:1)
  A giant cockroach (D:1)
  9 goblins
  5 hobgoblins
  2 bats (D:1)
  2 frilled lizards (D:1)
  9 kobolds (D:1)
  4 rats (D:1)
37 creatures vanquished.

Notes
Turn   | Place    | Note
-------+----------+-------------------------------------------
     0 | D:1      | Muffindrake the Vampire Assassin began the quest for the Orb.
     0 | D:1      | Reached XP level 1. HP: 16/16 MP: 1/1
    32 | D:1      | Reached skill level 6 in Stealth
   324 | D:1      | Reached XP level 2. HP: 9/22 MP: 2/2
   779 | D:1      | Reached skill level 7 in Stealth
   867 | D:1      | Reached XP level 3. HP: 27/27 MP: 3/3
  1072 | D:2      | Found a faded altar of an unknown god.
  1105 | D:2      | Slain by a worm

Vault maps used:
D:1:      elethiomel_arrival_quiet, st_stairs_10
D:2:      lemuel_doored_altar, fedhas_altar_1, lemuel_coloured_pillars_altar,
          chequers_ecumenical_altar_simple_redux, uniq_robin, uniq_terence

Skill      XL: |  1  2  3 |
---------------+----------+-----
Stealth        | 6 7 |  7.4
Fighting       | 2 |  2.0
Short Blades   | |  2.8
Throwing       | |  1.6
Dodging        | |  1.2

Action                   || total
-------------------------++-------
Melee: Dagger            ||    89
       Bite              ||    10
  Use: Scroll            ||     5
       Potion            ||     7
 Stab: Sleeping          ||     8
Armor: Robe              ||    10
Dodge: Dodged            ||    41

Table legend:
 A = Spawn XP
 B = Non-spawn XP
 C = Spawn XP percentage of total XP
 D = Spawn monster count
 E = Non-spawn monster count
 F = Spawn count percentage of total count
 G = Total turns spent on level
                    A         B        C        D         E        F      G
               +---------+---------+-------+---------+---------+-------+---------
         Total |       0 |      78 |   0.0 |       0 |      37 |   0.0 |  1105
               +---------+---------+-------+---------+---------+-------+---------
           D:1 |       0 |      68 |   0.0 |       0 |      32 |   0.0 |  1036
           D:2 |       0 |      10 |   0.0 |       0 |       5 |   0.0 |    69
               +---------+---------+-------+---------+---------+-------+---------
